Senators vs Little Stars
Created - 19 février 2017 at 20:04
Goals
|
| Senators |
1 |
4 |
1 |
6 |
| Little Stars |
2 |
4 |
2 |
8 |
|
Shots
|
| Senators |
14 |
11 |
10 |
35 |
| Little Stars |
9 |
14 |
13 |
36 |
|
1st period
1. Little Stars , Jesse Joensuu 16 (Andrej Nestrasil) at 3:29
2. Little Stars , Dana Tyrell 16 (Hugh Jessiman, Sean Avery) at 11:16 (PP)
3. Senators , Stanislav Chistov 29 (Milan Jurcina, Cody Hodgson) at 18:33
Penalties :
Shane Sims (BIN) for Hooking (Minor) at 11:00
2nd period
4. Senators , Shane Sims 2 (Gabriel Bourque) at 0:35
5. Little Stars , Petter Granberg 3 (Dana Tyrell, Sean Avery) at 2:06
6. Little Stars , Marcus Johansson 30 (Brian Flynn) at 2:23
7. Senators , Sergei Kostitsyn 34 (Stanislav Chistov, Shane Sims) at 4:41
8. Senators , Jack Skille 10 (Ryan Hegarty, Jaden Schwartz) at 7:27
9. Little Stars , Jesse Joensuu 17 (Danny DeKeiser, Tyler Randell) at 8:19
10. Senators , Jaden Schwartz 16 (Mark Olver) at 10:22
11. Little Stars , Tyler Randell 5 (Brian Flynn, Marcus Johansson) at 12:13
Penalties :
Petter Granberg (Tex) for High sticking (Minor) at 14:59, Petter Granberg (Tex) for Roughing (Minor) at 18:47
3rd period
12. Senators , Sergei Kostitsyn 35 (Milan Jurcina, Cody Hodgson) at 0:26 (PP)
13. Little Stars , Jesse Joensuu 18 (Dana Tyrell, Sean Avery) at 6:20
14. Little Stars , Dana Tyrell 17 (Sean Avery, Conor Allen) at 19:24 (Empty Net)
Penalties :
Mathieu Roy (Tex) for Roughing (Minor) at 0:41
Goalie Stats
Jeff Frazee (BIN), 10 saves from 14 shots - (0,714), 22:23 minutes
Marc Denis (BIN), 18 saves from 21 shots - (0,857), L, 13-14-1, 37:15 minutes
Laurent Brossoit (Tex), 29 saves from 35 shots - (0,829), W, 2-6-0, 60:00 minutes
Players Stats for Senators
Player Name G A P +/- PIM S H SB GA TA FO MP PP MP PK MP
------------------------------------------------------------------------------------
Brandon Davidson 0 0 0 -3 0 1 0 1 0 0 0/0 13:37 0:00 0:16
Cody Hodgson 0 2 2 -1 0 5 3 1 1 1 16/30 21:19 2:48 0:16
Gabriel Bourque 0 1 1 -1 0 5 2 0 2 0 0/1 13:58 0:20 0:00
Jack Skille 1 0 1 1 0 3 2 0 0 0 1/2 17:57 2:39 0:00
Jaden Schwartz 1 1 2 1 0 2 0 0 0 0 2/2 17:46 2:39 0:00
Johan Larsson 0 0 0 -1 0 0 0 0 0 0 0/0 7:14 0:00 0:00
Mark Olver 0 1 1 1 0 2 0 0 1 1 3/8 17:28 2:39 0:00
Martin Marincin 0 0 0 0 0 0 0 0 0 0 0/0 18:24 2:24 0:00
Matt Frattin 0 0 0 0 0 0 0 0 0 0 0/0 6:17 0:00 0:00
Milan Jurcina 0 2 2 1 0 5 3 1 1 2 0/0 28:15 3:13 0:16
Nick Bjugstad 0 0 0 -1 0 2 1 0 0 0 2/7 13:28 0:00 0:00
Nicolas Deslauriers 0 0 0 0 0 0 0 0 0 1 0/0 18:24 2:24 0:00
Ryan Hegarty 0 1 1 -3 0 0 1 3 0 2 0/0 13:21 0:00 0:00
Sergei Kostitsyn 2 0 2 -1 0 2 0 0 0 0 3/5 21:12 2:48 0:16
Shane Sims 1 1 2 1 2 2 1 1 0 1 0/0 27:58 3:13 0:00
Stanislav Chistov 1 1 2 -1 0 3 0 0 1 0 2/3 21:03 2:48 0:00
Tomas Jurco 0 0 0 -1 0 0 1 0 0 0 0/0 9:53 0:10 0:00
Tommy Wingels 0 0 0 -2 0 3 1 1 0 0 1/2 12:09 0:00 0:00
Players Stats for Little Stars
Player Name G A P +/- PIM S H SB GA TA FO MP PP MP PK MP
------------------------------------------------------------------------------------
Alexander Vasyunov 0 0 0 0 0 1 0 1 1 0 0/0 10:15 0:00 1:33
Andrej Nestrasil 0 1 1 2 0 1 1 0 0 0 3/7 11:53 0:00 0:00
Brian Flynn 0 2 2 0 0 1 2 0 0 0 10/14 14:05 0:00 0:00
Conor Allen 0 1 1 0 0 0 1 0 0 0 0/0 11:17 0:00 0:23
Dana Tyrell 2 2 4 0 0 6 2 0 0 1 12/26 20:47 0:16 1:18
Danny DeKeiser 0 1 1 1 0 1 1 0 0 1 0/0 26:40 0:00 2:44
Duncan Siemens 0 0 0 1 0 0 0 0 0 0 0/0 2:40 0:00 0:17
Hugh Jessiman 0 1 1 0 0 2 7 1 2 0 0/1 20:47 0:16 1:18
James Livingstone 0 0 0 2 0 0 0 0 0 0 0/0 11:53 0:00 0:00
Jesse Joensuu 3 0 3 2 0 4 1 0 0 2 1/1 12:24 0:00 0:08
Marcus Johansson 1 1 2 0 0 3 1 1 1 0 0/1 17:25 0:00 3:05
Mathieu Roy 0 0 0 -1 2 2 5 4 1 0 0/0 28:02 0:16 2:49
Niklas Hjalmarsson 0 0 0 0 0 4 2 0 2 0 0/0 29:23 0:16 3:49
Oscar Lindberg 0 0 0 0 0 0 0 0 0 0 1/1 0:22 0:00 0:00
Petter Granberg 1 0 1 3 4 1 5 0 0 2 0/0 21:21 0:00 1:12
Sean Avery 0 4 4 0 0 6 0 0 1 0 3/8 22:41 0:16 3:12
T.J. Tynan 0 0 0 0 0 0 0 0 0 0 0/1 9:14 0:00 0:40
Tom Kuhnhackl 0 0 0 0 0 2 1 1 0 0 0/0 8:16 0:00 0:00
Tyler Randell 1 1 2 0 0 2 3 0 0 0 0/0 14:55 0:00 0:00
3 Stars
1 - Jesse Joensuu (Tex)
2 - Dana Tyrell (Tex)
3 - Sean Avery (Tex)
Power Play
Senators - 1 on 3 Attempt(s) - 33,33%
Little Stars - 1 on 1 Attempt(s) - 100,00%
Penalty Kill
Senators - 0 on 1 Attempt(s) - 0,00%
- Score 0 goal in Penalty Kill
Little Stars - 2 on 3 Attempt(s) - 66,67%
- Score 0 goal in Penalty Kill
Team Stat
Senators - Hits : 15 - Faceoff Wins : 30 - Blocked Shots : 8 - Penalty Minutes : 2
Little Stars - Hits : 32 - Faceoff Wins : 30 - Blocked Shots : 8 - Penalty Minutes : 6
Official
Referees : Fraser Kerry and Rehman Kyle
Linesman : Brad Kovachik and Mark Pare
Game Notes
Marc Denis enters game at 2:23 of 2nd period
Matt Frattin is injured at 9:47 of 2nd period (Sprained Right Finger)
Jesse Joensuu has scored a Hat Trick!
17:31 of 3rd period - Senators goal is going for a video replay. After video review, No Goal. The referee deems the play has been stopped, even if he had not physically had the opportunity to stop play by blowing his whistle.
Dana Tyrell has scored in a empty net!
Finance
Level 1 -- Attendance: 1458 (72,90%) -- Ticket Income 43 740 $
Level 2 -- Attendance: 746 (74,60%) -- Ticket Income 14 920 $
Total Attendance: 2204 (73,47%)
Total Ticket Income: 58 660 $
Other Income: 2 933 $
Total Income: 61 593 $
Senators
5 vs 5 Forward
Center Left Wing Right Wing Time % Phy DF OF
1 Cody Hodgson Sergei Kostitsyn Stanislav Chistov 40 1 2 2
2 Mark Olver Jaden Schwartz Jack Skille 30 1 2 2
3 Nick Bjugstad Gabriel Bourque Matt Frattin 20 1 2 2
4 Tommy Wingels Johan Larsson Tomas Jurco 10 1 2 2
5 vs 5 Defense
Defense Defense Time % Phy DF OF
1 Milan Jurcina Shane Sims 40 1 2 2
2 Martin Marincin Nicolas Deslauriers 30 1 2 2
3 Ryan Hegarty Brandon Davidson 20 1 2 2
4 Milan Jurcina Shane Sims 10 1 2 2
PowerPlay Forward
Center Left Wing Right Wing Time % Phy DF OF
1 Cody Hodgson Sergei Kostitsyn Stanislav Chistov 60 0 2 3
2 Mark Olver Jaden Schwartz Jack Skille 40 0 2 3
PowerPlay Defense
Defense Defense Time % Phy DF OF
1 Milan Jurcina Shane Sims 60 0 2 3
2 Martin Marincin Nicolas Deslauriers 40 0 2 3
Penalty Kill 4 Players Forward
Center Wing Time % Phy DF OF
1 Sergei Kostitsyn Cody Hodgson 60 1 2 2
2 Stanislav Chistov Jaden Schwartz 40 1 2 2
Penalty Kill 4 Players Defense
Defense Defense Time % Phy DF OF
1 Milan Jurcina Shane Sims 60 1 2 2
2 Martin Marincin Nicolas Deslauriers 40 1 2 2
Penalty Kill - 3 Players Forward
Forward Time % Phy DF OF
1 Sergei Kostitsyn 60 1 2 2
2 Cody Hodgson 40 1 2 2
Penalty Kill - 3 Players Defense
Defense Defense Time % Phy DF OF
1 Milan Jurcina Shane Sims 60 1 2 2
2 Martin Marincin Nicolas Deslauriers 40 1 2 2
4 vs 4 Forward
Center Wing Time % Phy DF OF
1 Sergei Kostitsyn Cody Hodgson 60 1 2 2
2 Stanislav Chistov Jaden Schwartz 40 1 2 2
4 vs 4 Defense
Defense Defense Time % Phy DF OF
1 Milan Jurcina Shane Sims 60 1 2 2
2 Martin Marincin Nicolas Deslauriers 40 1 2 2
Last Minutes Offensive
Center Left Wing Right Wing Defense Defense
Cody Hodgson Sergei Kostitsyn Stanislav Chistov Milan Jurcina Shane Sims
Last Minutes Defensive
Center Left Wing Right Wing Defense Defense
Cody Hodgson Sergei Kostitsyn Stanislav Chistov Milan Jurcina Shane Sims
Goaltenders
Starting : Jeff Frazee
Backup : Marc Denis
Extra Forwards
Normal : Gabriel Bourque, Matt Frattin, Tommy Wingels - PP : Gabriel Bourque, Matt Frattin - PK : Tommy Wingels
Extra Defensemen
Normal : Ryan Hegarty, Brandon Davidson, Martin Marincin - PP : Ryan Hegarty - PK : Brandon Davidson, Martin Marincin
Penalty Shots
Sergei Kostitsyn, Cody Hodgson, Stanislav Chistov, Jaden Schwartz, Gabriel Bourque
Little Stars
5 vs 5 Forward
Center Left Wing Right Wing Time % Phy DF OF
1 Dana Tyrell Sean Avery Hugh Jessiman 40 1 2 2
2 Brian Flynn Marcus Johansson Tyler Randell 30 1 2 2
3 Andrej Nestrasil Jesse Joensuu James Livingstone 20 1 2 2
4 T.J. Tynan Alexander Vasyunov Tom Kuhnhackl 10 1 2 2
5 vs 5 Defense
Defense Defense Time % Phy DF OF
1 Niklas Hjalmarsson Mathieu Roy 40 1 2 2
2 Danny DeKeiser Petter Granberg 30 1 2 2
3 Conor Allen Niklas Hjalmarsson 20 1 2 2
4 Mathieu Roy Danny DeKeiser 10 1 2 2
PowerPlay Forward
Center Left Wing Right Wing Time % Phy DF OF
1 Dana Tyrell Sean Avery Hugh Jessiman 60 1 2 2
2 Brian Flynn Marcus Johansson Tyler Randell 40 1 2 2
PowerPlay Defense
Defense Defense Time % Phy DF OF
1 Niklas Hjalmarsson Mathieu Roy 60 1 2 2
2 Danny DeKeiser Petter Granberg 40 1 2 2
Penalty Kill 4 Players Forward
Center Wing Time % Phy DF OF
1 Sean Avery Marcus Johansson 60 1 2 2
2 Hugh Jessiman Dana Tyrell 40 1 2 2
Penalty Kill 4 Players Defense
Defense Defense Time % Phy DF OF
1 Niklas Hjalmarsson Mathieu Roy 60 1 2 2
2 Danny DeKeiser Petter Granberg 40 1 2 2
Penalty Kill - 3 Players Forward
Forward Time % Phy DF OF
1 Sean Avery 60 1 2 2
2 Marcus Johansson 40 1 2 2
Penalty Kill - 3 Players Defense
Defense Defense Time % Phy DF OF
1 Niklas Hjalmarsson Mathieu Roy 60 1 2 2
2 Danny DeKeiser Petter Granberg 40 1 2 2
4 vs 4 Forward
Center Wing Time % Phy DF OF
1 Sean Avery Marcus Johansson 60 1 2 2
2 Hugh Jessiman Dana Tyrell 40 1 2 2
4 vs 4 Defense
Defense Defense Time % Phy DF OF
1 Niklas Hjalmarsson Mathieu Roy 60 1 2 2
2 Danny DeKeiser Petter Granberg 40 1 2 2
Last Minutes Offensive
Center Left Wing Right Wing Defense Defense
Dana Tyrell Sean Avery Hugh Jessiman Niklas Hjalmarsson Mathieu Roy
Last Minutes Defensive
Center Left Wing Right Wing Defense Defense
Dana Tyrell Sean Avery Hugh Jessiman Niklas Hjalmarsson Mathieu Roy
Goaltenders
Starting : Laurent Brossoit
Backup : Peter Budaj
Extra Forwards
Normal : Oscar Lindberg, Jesse Joensuu, Alexander Vasyunov - PP : Oscar Lindberg, Jesse Joensuu - PK : Alexander Vasyunov
Extra Defensemen
Normal : Conor Allen, Petter Granberg, Niklas Hjalmarsson - PP : Conor Allen - PK : Petter Granberg, Niklas Hjalmarsson
Penalty Shots
Sean Avery, Marcus Johansson, Hugh Jessiman, Dana Tyrell, Brian Flynn
% Time on Ice - Senators
Lines # - Real PCT - Wanted PCT - Time Play
Normal Forward
1 - 34% - 40% - 18:15
2 - 28% - 30% - 15:24
3 - 24% - 20% - 13:14
4 - 13% - 10% - 7:14
Normal Defense
1 - 39% - 40% - 21:19
2 - 30% - 30% - 16:00
3 - 25% - 20% - 13:21
4 - 6% - 10% - 3:27
PP Forward
1 - 53% - 60% - 2:58
2 - 47% - 40% - 2:39
PP Defense
1 - 57% - 60% - 3:13
2 - 43% - 40% - 2:24
PK Forward
1 - 100% - 60% - 0:16
2 - 0% - 40% - 0:00
PK Defense
1 - 100% - 60% - 0:16
2 - 0% - 40% - 0:00
PK3 Forward
1 - 0% - 60%
2 - 0% - 40%
PK3 Defense
1 - 0% - 60%
2 - 0% - 40%
44 Forward
1 - 0% - 60%
2 - 0% - 40%
44 Defense
1 - 0% - 60%
2 - 0% - 40%
Last Minute Offensive - 0:00
Last Minute Defensive - 0:00
Total
Forward - 60:00
Defense - 60:00
|
% Time on Ice - Little Stars
Lines # - Real PCT - Wanted PCT - Time Play
Normal Forward
1 - 37% - 40% - 19:53
2 - 26% - 30% - 14:05
3 - 22% - 20% - 11:53
4 - 15% - 10% - 8:16
Normal Defense
1 - 34% - 40% - 18:39
2 - 35% - 30% - 18:59
3 - 18% - 20% - 9:45
4 - 12% - 10% - 6:44
PP Forward
1 - 100% - 60% - 0:16
2 - 0% - 40% - 0:00
PP Defense
1 - 100% - 60% - 0:16
2 - 0% - 40% - 0:00
PK Forward
1 - 77% - 60% - 4:19
2 - 23% - 40% - 1:18
PK Defense
1 - 69% - 60% - 3:53
2 - 31% - 40% - 1:44
PK3 Forward
1 - 0% - 60%
2 - 0% - 40%
PK3 Defense
1 - 0% - 60%
2 - 0% - 40%
44 Forward
1 - 0% - 60%
2 - 0% - 40%
44 Defense
1 - 0% - 60%
2 - 0% - 40%
Last Minute Offensive - 0:00
Last Minute Defensive - 0:00
Total
Forward - 60:00
Defense - 60:00
|
Play by Play
1st period
0:01 of 1st period - Sergei Kostitsyn wins face-off versus Sean Avery in neutral zone.
0:28 of 1st period - Mathieu Roy is hit by Shane Sims and loses puck.
0:39 of 1st period - Slapshot by Niklas Hjalmarsson.
0:39 of 1st period - Stopped by Jeff Frazee with a rebound.
2:24 of 1st period - Tommy Wingels is hit by Mathieu Roy and loses puck.
2:50 of 1st period - Icing by Jesse Joensuu.
2:51 of 1st period - Cody Hodgson wins face-off versus Andrej Nestrasil in Little Stars zone.
2:53 of 1st period - Icing by Jesse Joensuu.
2:54 of 1st period - Cody Hodgson wins face-off versus Andrej Nestrasil in Little Stars zone.
3:03 of 1st period - Snap shot by Cody Hodgson.
3:03 of 1st period - Stopped by Laurent Brossoit with a rebound.
3:24 of 1st period - Cody Hodgson is hit by Danny DeKeiser and loses puck.
3:29 of 1st period - Snap shot by Jesse Joensuu.
3:29 of 1st period - Goal by Jesse Joensuu - Senators : 0 - Little Stars : 1.
3:30 of 1st period - Dana Tyrell wins face-off versus Mark Olver in neutral zone.
3:33 of 1st period - Milan Jurcina is hit by Mathieu Roy and loses puck.
4:10 of 1st period - Snap shot by Stanislav Chistov.
4:10 of 1st period - Stopped by Laurent Brossoit without a rebound.
4:11 of 1st period - Dana Tyrell wins face-off versus Tommy Wingels in Little Stars zone.
4:35 of 1st period - Mark Olver is hit by Petter Granberg and loses puck.
4:58 of 1st period - Wrist shot by Alexander Vasyunov.
4:58 of 1st period - Stopped by Jeff Frazee with a rebound.
5:00 of 1st period - Wrist shot by T.J. Tynan.
5:00 of 1st period - Shot Misses the Net.
5:17 of 1st period - Off-side.
5:18 of 1st period - Andrej Nestrasil wins face-off versus Nick Bjugstad in neutral zone.
5:36 of 1st period - Icing by Mathieu Roy.
5:37 of 1st period - Jaden Schwartz wins face-off versus Andrej Nestrasil in Little Stars zone.
5:43 of 1st period - Off-side.
5:44 of 1st period - Dana Tyrell wins face-off versus Mark Olver in neutral zone.
5:55 of 1st period - Snap shot by Jack Skille.
5:55 of 1st period - Shot Blocked by Mathieu Roy.
5:57 of 1st period - Snap shot by Jack Skille.
5:57 of 1st period - Stopped by Laurent Brossoit with a rebound.
5:59 of 1st period - Wrist shot by Mark Olver.
5:59 of 1st period - Shot Misses the Net.
6:43 of 1st period - Slapshot by Tommy Wingels.
6:43 of 1st period - Stopped by Laurent Brossoit with a rebound.
7:05 of 1st period - Wrist shot by Jack Skille.
7:05 of 1st period - Stopped by Laurent Brossoit with a rebound.
7:50 of 1st period - Snap shot by Hugh Jessiman.
7:50 of 1st period - Deflect By Sean Avery.
7:50 of 1st period - Stopped by Jeff Frazee with a rebound.
7:52 of 1st period - Wrist shot by Dana Tyrell.
7:52 of 1st period - Stopped by Jeff Frazee without a rebound.
7:53 of 1st period - Brian Flynn wins face-off versus Jack Skille in Senators zone.
8:30 of 1st period - Sergei Kostitsyn is hit by Niklas Hjalmarsson and loses puck.
8:45 of 1st period - Danny DeKeiser is hit by Cody Hodgson and loses puck.
8:59 of 1st period - Wrist shot by Cody Hodgson.
8:59 of 1st period - Stopped by Laurent Brossoit with a rebound.
9:18 of 1st period - Icing by Cody Hodgson.
9:19 of 1st period - Dana Tyrell wins face-off versus Mark Olver in Senators zone.
9:26 of 1st period - Slapshot by Sean Avery.
9:26 of 1st period - Shot Misses the Net.
9:28 of 1st period - Wrist shot by Sean Avery.
9:28 of 1st period - Stopped by Jeff Frazee with a rebound.
9:32 of 1st period - Snap shot by Sean Avery.
9:32 of 1st period - Shot Misses the Net.
9:34 of 1st period - Snap shot by Sean Avery.
9:34 of 1st period - Shot Blocked by Ryan Hegarty.
9:44 of 1st period - Gabriel Bourque is hit by Marcus Johansson and loses puck.
10:09 of 1st period - Milan Jurcina is hit by Jesse Joensuu and loses puck.
10:30 of 1st period - Wrist shot by Jack Skille.
10:30 of 1st period - Shot Misses the Net.
10:32 of 1st period - Slapshot by Jaden Schwartz.
10:32 of 1st period - Shot Blocked by Tom Kuhnhackl.
11:00 of 1st period - Minor Penalty to Shane Sims for Hooking.
11:01 of 1st period - Sergei Kostitsyn wins face-off versus Dana Tyrell in Senators zone.
11:12 of 1st period - Wrist shot by Dana Tyrell.
11:12 of 1st period - Shot Misses the Net.
11:14 of 1st period - Wrist shot by Hugh Jessiman.
11:14 of 1st period - Shot Misses the Net.
11:16 of 1st period - Snap shot by Dana Tyrell.
11:16 of 1st period - Goal by Dana Tyrell - Senators : 0 - Little Stars : 2.
11:17 of 1st period - Dana Tyrell wins face-off versus Cody Hodgson in neutral zone.
11:25 of 1st period - Snap shot by Dana Tyrell.
11:25 of 1st period - Stopped by Jeff Frazee with a rebound.
11:27 of 1st period - Snap shot by Hugh Jessiman.
11:27 of 1st period - Deflect By Sergei Kostitsyn.
11:27 of 1st period - Shot Misses the Net.
11:27 of 1st period - Puck is out of play.
11:28 of 1st period - Cody Hodgson wins face-off versus Dana Tyrell in Senators zone.
12:46 of 1st period - Wrist shot by Gabriel Bourque.
12:46 of 1st period - Stopped by Laurent Brossoit without a rebound.
12:47 of 1st period - Dana Tyrell wins face-off versus Cody Hodgson in Little Stars zone.
12:54 of 1st period - Snap shot by Sean Avery.
12:54 of 1st period - Shot Misses the Net.
13:12 of 1st period - Mark Olver is hit by Tyler Randell and loses puck.
13:28 of 1st period - Icing by Mathieu Roy.
13:29 of 1st period - Andrej Nestrasil wins face-off versus Nick Bjugstad in Little Stars zone.
14:52 of 1st period - Icing by Dana Tyrell.
14:53 of 1st period - Brian Flynn wins face-off versus Nick Bjugstad in Little Stars zone.
15:00 of 1st period - Slapshot by Mathieu Roy.
15:00 of 1st period - Stopped by Jeff Frazee with a rebound.
15:18 of 1st period - Wrist shot by Jesse Joensuu.
15:18 of 1st period - Shot Misses the Net.
15:20 of 1st period - Slapshot by Danny DeKeiser.
15:20 of 1st period - Shot Misses the Net.
15:28 of 1st period - Snap shot by Jesse Joensuu.
15:28 of 1st period - Shot Misses the Net.
16:18 of 1st period - Snap shot by Gabriel Bourque.
16:18 of 1st period - Stopped by Laurent Brossoit with a rebound.
17:45 of 1st period - Snap shot by Jesse Joensuu.
17:45 of 1st period - Shot Blocked by Brandon Davidson.
18:15 of 1st period - Snap shot by Mark Olver.
18:15 of 1st period - Stopped by Laurent Brossoit with a rebound.
18:17 of 1st period - Slapshot by Milan Jurcina.
18:17 of 1st period - Stopped by Laurent Brossoit with a rebound.
18:19 of 1st period - Slapshot by Milan Jurcina.
18:19 of 1st period - Stopped by Laurent Brossoit without a rebound.
18:20 of 1st period - Cody Hodgson wins face-off versus Andrej Nestrasil in Little Stars zone.
18:23 of 1st period - Snap shot by Cody Hodgson.
18:23 of 1st period - Stopped by Laurent Brossoit with a rebound.
18:25 of 1st period - Snap shot by Shane Sims.
18:25 of 1st period - Shot Blocked by Mathieu Roy.
18:27 of 1st period - Slapshot by Milan Jurcina.
18:27 of 1st period - Shot Misses the Net.
18:29 of 1st period - Snap shot by Cody Hodgson.
18:29 of 1st period - Stopped by Laurent Brossoit with a rebound.
18:31 of 1st period - Slapshot by Milan Jurcina.
18:31 of 1st period - Shot Misses the Net.
18:33 of 1st period - Snap shot by Stanislav Chistov.
18:33 of 1st period - Goal by Stanislav Chistov - Senators : 1 - Little Stars : 2.
18:34 of 1st period - Cody Hodgson wins face-off versus Dana Tyrell in neutral zone.
19:26 of 1st period - Slapshot by Mathieu Roy.
19:26 of 1st period - Shot Misses the Net.
Goals for this period are 1 for Senators vs 2 for Little Stars.
Shots for this period are 14 for Senators vs 9 for Little Stars.
2nd period
0:01 of 2nd period - Cody Hodgson wins face-off versus Dana Tyrell in neutral zone.
0:35 of 2nd period - Slapshot by Shane Sims.
0:35 of 2nd period - Goal by Shane Sims - Senators : 2 - Little Stars : 2.
0:36 of 2nd period - Brian Flynn wins face-off versus Cody Hodgson in neutral zone.
1:02 of 2nd period - Jaden Schwartz is hit by Mathieu Roy and loses puck.
1:52 of 2nd period - Snap shot by Dana Tyrell.
1:52 of 2nd period - Shot Misses the Net.
1:54 of 2nd period - Snap shot by Hugh Jessiman.
1:54 of 2nd period - Shot Misses the Net.
1:56 of 2nd period - Wrist shot by Sean Avery.
1:56 of 2nd period - Stopped by Jeff Frazee with a rebound.
1:58 of 2nd period - Backhand shot by Dana Tyrell.
1:58 of 2nd period - Stopped by Jeff Frazee with a rebound.
2:00 of 2nd period - Slapshot by Sean Avery.
2:00 of 2nd period - Stopped by Jeff Frazee with a rebound.
2:02 of 2nd period - Snap shot by Dana Tyrell.
2:02 of 2nd period - Shot Misses the Net.
2:04 of 2nd period - Wrist shot by Dana Tyrell.
2:04 of 2nd period - Shot Blocked by Ryan Hegarty.
2:06 of 2nd period - Backhand shot by Petter Granberg.
2:06 of 2nd period - Goal by Petter Granberg - Senators : 2 - Little Stars : 3.
2:07 of 2nd period - Brian Flynn wins face-off versus Cody Hodgson in neutral zone.
2:10 of 2nd period - Slapshot by Mathieu Roy.
2:10 of 2nd period - Shot Misses the Net.
2:12 of 2nd period - Snap shot by Tyler Randell.
2:12 of 2nd period - Deflect By Brian Flynn.
2:12 of 2nd period - Shot Blocked by Milan Jurcina.
2:12 of 2nd period - Puck is out of play.
2:13 of 2nd period - Stanislav Chistov wins face-off versus Brian Flynn in Senators zone.
2:23 of 2nd period - Wrist shot by Marcus Johansson.
2:23 of 2nd period - Goal by Marcus Johansson - Senators : 2 - Little Stars : 4.
2:23 of 2nd period - Marc Denis enters game.
2:24 of 2nd period - Brian Flynn wins face-off versus Cody Hodgson in neutral zone.
2:31 of 2nd period - Slapshot by Shane Sims.
2:31 of 2nd period - Stopped by Laurent Brossoit with a rebound.
2:33 of 2nd period - Slapshot by Milan Jurcina.
2:33 of 2nd period - Stopped by Laurent Brossoit without a rebound.
2:34 of 2nd period - Brian Flynn wins face-off versus Cody Hodgson in Little Stars zone.
2:38 of 2nd period - Off-side.
2:39 of 2nd period - Brian Flynn wins face-off versus Cody Hodgson in neutral zone.
2:48 of 2nd period - Slapshot by Marcus Johansson.
2:48 of 2nd period - Shot Misses the Net.
2:50 of 2nd period - Wrist shot by Tyler Randell.
2:50 of 2nd period - Stopped by Marc Denis with a rebound.
3:26 of 2nd period - Martin Marincin is hit by Andrej Nestrasil and loses puck.
3:35 of 2nd period - Slapshot by Niklas Hjalmarsson.
3:35 of 2nd period - Shot Misses the Net.
3:43 of 2nd period - Conor Allen is hit by Gabriel Bourque and loses puck.
3:49 of 2nd period - Off-side.
3:50 of 2nd period - Stanislav Chistov wins face-off versus Brian Flynn in neutral zone.
4:05 of 2nd period - Slapshot by Brian Flynn.
4:05 of 2nd period - Shot Misses the Net.
4:22 of 2nd period - Wrist shot by Cody Hodgson.
4:22 of 2nd period - Stopped by Laurent Brossoit with a rebound.
4:39 of 2nd period - Slapshot by Stanislav Chistov.
4:39 of 2nd period - Stopped by Laurent Brossoit with a rebound.
4:41 of 2nd period - Slapshot by Sergei Kostitsyn.
4:41 of 2nd period - Goal by Sergei Kostitsyn - Senators : 3 - Little Stars : 4.
4:42 of 2nd period - Dana Tyrell wins face-off versus Mark Olver in neutral zone.
4:47 of 2nd period - Slapshot by Niklas Hjalmarsson.
4:47 of 2nd period - Stopped by Marc Denis with a rebound.
4:56 of 2nd period - Snap shot by Jaden Schwartz.
4:56 of 2nd period - Stopped by Laurent Brossoit with a rebound.
4:58 of 2nd period - Slapshot by Jaden Schwartz.
4:58 of 2nd period - Shot Misses the Net.
5:08 of 2nd period - Shane Sims is hit by Brian Flynn and loses puck.
5:49 of 2nd period - Mathieu Roy is hit by Tomas Jurco and loses puck.
6:01 of 2nd period - Wrist shot by Johan Larsson.
6:01 of 2nd period - Shot Misses the Net.
6:20 of 2nd period - Slapshot by Johan Larsson.
6:20 of 2nd period - Shot Blocked by Alexander Vasyunov.
6:26 of 2nd period - Slapshot by Mathieu Roy.
6:26 of 2nd period - Shot Blocked by Ryan Hegarty.
6:28 of 2nd period - Slapshot by Niklas Hjalmarsson.
6:28 of 2nd period - Stopped by Marc Denis with a rebound.
6:44 of 2nd period - Slapshot by Niklas Hjalmarsson.
6:44 of 2nd period - Stopped by Marc Denis with a rebound.
6:46 of 2nd period - Slapshot by Mathieu Roy.
6:46 of 2nd period - Shot Misses the Net.
6:52 of 2nd period - Slapshot by Mathieu Roy.
6:52 of 2nd period - Deflect By Tommy Wingels.
6:52 of 2nd period - Stopped by Marc Denis without a rebound.
6:53 of 2nd period - Cody Hodgson wins face-off versus Dana Tyrell in Senators zone.
7:25 of 2nd period - Snap shot by Jack Skille.
7:25 of 2nd period - Shot Misses the Net.
7:27 of 2nd period - Slapshot by Ryan Hegarty.
7:27 of 2nd period - Deflect By Jack Skille.
7:27 of 2nd period - Goal by Jack Skille - Senators : 4 - Little Stars : 4.
7:28 of 2nd period - Cody Hodgson wins face-off versus Dana Tyrell in neutral zone.
7:53 of 2nd period - Milan Jurcina is hit by Petter Granberg.
8:19 of 2nd period - Snap shot by Jesse Joensuu.
8:19 of 2nd period - Goal by Jesse Joensuu - Senators : 4 - Little Stars : 5.
8:20 of 2nd period - Cody Hodgson wins face-off versus Hugh Jessiman in neutral zone.
8:47 of 2nd period - Marcus Johansson is hit by Jack Skille and loses puck.
8:53 of 2nd period - Icing by Danny DeKeiser.
8:54 of 2nd period - Jaden Schwartz wins face-off versus Marcus Johansson in Little Stars zone.
9:28 of 2nd period - Wrist shot by Sergei Kostitsyn.
9:28 of 2nd period - Shot Blocked by Mathieu Roy.
9:46 of 2nd period - Matt Frattin is hit by Niklas Hjalmarsson and loses puck.
9:47 of 2nd period - Matt Frattin from Senators is injured at 9:47 of 2nd period (Sprained Right Finger).
9:48 of 2nd period - Cody Hodgson wins face-off versus Dana Tyrell in Senators zone.
10:22 of 2nd period - Wrist shot by Jaden Schwartz.
10:22 of 2nd period - Goal by Jaden Schwartz - Senators : 5 - Little Stars : 5.
10:23 of 2nd period - Dana Tyrell wins face-off versus Cody Hodgson in neutral zone.
10:26 of 2nd period - Shane Sims is hit by Hugh Jessiman and loses puck.
10:53 of 2nd period - Snap shot by Marcus Johansson.
10:53 of 2nd period - Shot Blocked by Shane Sims.
11:16 of 2nd period - Snap shot by Gabriel Bourque.
11:16 of 2nd period - Shot Misses the Net.
11:18 of 2nd period - Wrist shot by Milan Jurcina.
11:18 of 2nd period - Stopped by Laurent Brossoit with a rebound.
11:20 of 2nd period - Snap shot by Gabriel Bourque.
11:20 of 2nd period - Stopped by Laurent Brossoit without a rebound.
11:21 of 2nd period - Nick Bjugstad wins face-off versus Dana Tyrell in Little Stars zone.
11:40 of 2nd period - Hugh Jessiman is hit by Gabriel Bourque and loses puck.
12:05 of 2nd period - Wrist shot by Sean Avery.
12:05 of 2nd period - Shot Hit the Post.
12:07 of 2nd period - Slapshot by Hugh Jessiman.
12:07 of 2nd period - Deflect By Gabriel Bourque.
12:07 of 2nd period - Shot Misses the Net.
12:07 of 2nd period - Puck is out of play.
12:08 of 2nd period - Brian Flynn wins face-off versus Sergei Kostitsyn in Senators zone.
12:11 of 2nd period - Wrist shot by Brian Flynn.
12:11 of 2nd period - Shot Misses the Net.
12:13 of 2nd period - Snap shot by Tyler Randell.
12:13 of 2nd period - Goal by Tyler Randell - Senators : 5 - Little Stars : 6.
12:14 of 2nd period - Brian Flynn wins face-off versus Stanislav Chistov in neutral zone.
12:27 of 2nd period - Wrist shot by Brian Flynn.
12:27 of 2nd period - Stopped by Marc Denis with a rebound.
13:04 of 2nd period - Milan Jurcina is hit by Petter Granberg and loses puck.
13:57 of 2nd period - Brandon Davidson is hit by Mathieu Roy and loses puck.
14:30 of 2nd period - Cody Hodgson is hit by Tyler Randell and loses puck.
14:35 of 2nd period - Snap shot by Marcus Johansson.
14:35 of 2nd period - Shot Blocked by Cody Hodgson.
14:37 of 2nd period - Wrist shot by Marcus Johansson.
14:37 of 2nd period - Stopped by Marc Denis without a rebound.
14:38 of 2nd period - Mark Olver wins face-off versus Dana Tyrell in Senators zone.
14:59 of 2nd period - Minor Penalty to Petter Granberg for High sticking.
15:00 of 2nd period - Sean Avery wins face-off versus Mark Olver in Little Stars zone.
16:02 of 2nd period - Milan Jurcina is hit by Hugh Jessiman and loses puck.
16:59 of 2nd period - Penalty to Petter Granberg is over, Petter Granberg is back on ice.
17:31 of 2nd period - James Livingstone is hit by Ryan Hegarty.
17:54 of 2nd period - Milan Jurcina is hit by Conor Allen and loses puck.
18:12 of 2nd period - Cody Hodgson is hit by Hugh Jessiman and loses puck.
18:38 of 2nd period - Icing by Nicolas Deslauriers.
18:39 of 2nd period - Jesse Joensuu wins face-off versus Nick Bjugstad in Senators zone.
18:47 of 2nd period - Minor Penalty to Petter Granberg for Roughing.
18:48 of 2nd period - Sergei Kostitsyn wins face-off versus Sean Avery in Little Stars zone.
18:52 of 2nd period - Snap shot by Stanislav Chistov.
18:52 of 2nd period - Shot Misses the Net.
18:54 of 2nd period - Slapshot by Milan Jurcina.
18:54 of 2nd period - Shot Blocked by Mathieu Roy.
18:56 of 2nd period - Slapshot by Milan Jurcina.
18:56 of 2nd period - Shot Misses the Net.
18:58 of 2nd period - Wrist shot by Shane Sims.
18:58 of 2nd period - Deflect By Stanislav Chistov.
18:58 of 2nd period - Shot Misses the Net.
18:58 of 2nd period - Puck is out of play.
18:59 of 2nd period - Cody Hodgson wins face-off versus Sean Avery in Little Stars zone.
19:12 of 2nd period - Snap shot by Stanislav Chistov.
19:12 of 2nd period - Shot Misses the Net.
19:56 of 2nd period - Mark Olver is hit by Hugh Jessiman and loses puck.
Goals for this period are 4 for Senators vs 4 for Little Stars.
Shots for this period are 11 for Senators vs 14 for Little Stars.
3rd period
0:01 of 3rd period - Sean Avery wins face-off versus Cody Hodgson in neutral zone.
0:06 of 3rd period - Snap shot by Sean Avery.
0:06 of 3rd period - Stopped by Marc Denis without a rebound.
0:07 of 3rd period - Cody Hodgson wins face-off versus Sean Avery in Senators zone.
0:12 of 3rd period - Marcus Johansson is hit by Cody Hodgson.
0:22 of 3rd period - Snap shot by Sergei Kostitsyn.
0:22 of 3rd period - Deflect By Stanislav Chistov.
0:22 of 3rd period - Shot Misses the Net.
0:22 of 3rd period - Puck is out of play.
0:23 of 3rd period - Cody Hodgson wins face-off versus Sean Avery in Little Stars zone.
0:24 of 3rd period - Wrist shot by Sergei Kostitsyn.
0:24 of 3rd period - Shot Misses the Net.
0:26 of 3rd period - Snap shot by Milan Jurcina.
0:26 of 3rd period - Deflect By Sergei Kostitsyn.
0:26 of 3rd period - Goal by Sergei Kostitsyn - Senators : 6 - Little Stars : 6.
0:27 of 3rd period - Dana Tyrell wins face-off versus Cody Hodgson in neutral zone.
0:41 of 3rd period - Minor Penalty to Mathieu Roy for Roughing.
0:42 of 3rd period - Sean Avery wins face-off versus Cody Hodgson in Little Stars zone.
1:14 of 3rd period - Slapshot by Nicolas Deslauriers.
1:14 of 3rd period - Shot Blocked by Hugh Jessiman.
2:05 of 3rd period - Shane Sims is hit by Hugh Jessiman and loses puck.
2:41 of 3rd period - Penalty to Mathieu Roy is over, Mathieu Roy is back on ice.
3:04 of 3rd period - Jesse Joensuu is hit by Nick Bjugstad and loses puck.
3:25 of 3rd period - Snap shot by Nick Bjugstad.
3:25 of 3rd period - Shot Blocked by Marcus Johansson.
3:27 of 3rd period - Slapshot by Brandon Davidson.
3:27 of 3rd period - Stopped by Laurent Brossoit with a rebound.
3:29 of 3rd period - Snap shot by Tommy Wingels.
3:29 of 3rd period - Stopped by Laurent Brossoit without a rebound.
3:30 of 3rd period - Dana Tyrell wins face-off versus Cody Hodgson in Little Stars zone.
3:35 of 3rd period - Dana Tyrell is hit by Milan Jurcina and loses puck.
5:04 of 3rd period - Brandon Davidson is hit by Dana Tyrell and loses puck.
6:20 of 3rd period - Wrist shot by Jesse Joensuu.
6:20 of 3rd period - Goal by Jesse Joensuu - Senators : 6 - Little Stars : 7.
6:21 of 3rd period - Dana Tyrell wins face-off versus Cody Hodgson in neutral zone.
6:23 of 3rd period - Off-side.
6:24 of 3rd period - Cody Hodgson wins face-off versus Dana Tyrell in neutral zone.
7:45 of 3rd period - Snap shot by Tom Kuhnhackl.
7:45 of 3rd period - Stopped by Marc Denis with a rebound.
8:19 of 3rd period - Wrist shot by Nick Bjugstad.
8:19 of 3rd period - Shot Misses the Net.
8:21 of 3rd period - Snap shot by Nick Bjugstad.
8:21 of 3rd period - Deflect By Conor Allen.
8:21 of 3rd period - Shot Hit the Post.
8:21 of 3rd period - Puck is out of play.
8:22 of 3rd period - Nick Bjugstad wins face-off versus Brian Flynn in Little Stars zone.
8:23 of 3rd period - Slapshot by Gabriel Bourque.
8:23 of 3rd period - Stopped by Laurent Brossoit without a rebound.
8:24 of 3rd period - Dana Tyrell wins face-off versus Nick Bjugstad in Little Stars zone.
8:49 of 3rd period - Wrist shot by Nick Bjugstad.
8:49 of 3rd period - Shot Misses the Net.
8:55 of 3rd period - Snap shot by Dana Tyrell.
8:55 of 3rd period - Stopped by Marc Denis with a rebound.
8:57 of 3rd period - Wrist shot by Hugh Jessiman.
8:57 of 3rd period - Stopped by Marc Denis without a rebound.
8:58 of 3rd period - Brian Flynn wins face-off versus Cody Hodgson in Senators zone.
9:14 of 3rd period - Slapshot by Danny DeKeiser.
9:14 of 3rd period - Stopped by Marc Denis without a rebound.
9:15 of 3rd period - Mark Olver wins face-off versus Dana Tyrell in Senators zone.
9:40 of 3rd period - Niklas Hjalmarsson is hit by Milan Jurcina and loses puck.
10:11 of 3rd period - Snap shot by Gabriel Bourque.
10:11 of 3rd period - Stopped by Laurent Brossoit with a rebound.
10:13 of 3rd period - Wrist shot by Nick Bjugstad.
10:13 of 3rd period - Stopped by Laurent Brossoit with a rebound.
10:38 of 3rd period - Jaden Schwartz is hit by Petter Granberg and loses puck.
11:16 of 3rd period - Snap shot by Marcus Johansson.
11:16 of 3rd period - Stopped by Marc Denis with a rebound.
11:18 of 3rd period - Slapshot by Mathieu Roy.
11:18 of 3rd period - Deflect By Marcus Johansson.
11:18 of 3rd period - Shot Misses the Net.
11:18 of 3rd period - Puck is out of play.
11:19 of 3rd period - Tommy Wingels wins face-off versus Brian Flynn in Senators zone.
11:34 of 3rd period - Tommy Wingels is hit by Tyler Randell and loses puck.
11:54 of 3rd period - Wrist shot by Andrej Nestrasil.
11:54 of 3rd period - Shot Blocked by Tommy Wingels.
11:56 of 3rd period - Snap shot by Andrej Nestrasil.
11:56 of 3rd period - Shot Misses the Net.
11:58 of 3rd period - Snap shot by Andrej Nestrasil.
11:58 of 3rd period - Stopped by Marc Denis with a rebound.
12:34 of 3rd period - T.J. Tynan is hit by Jack Skille and loses puck.
13:14 of 3rd period - Ryan Hegarty is hit by Dana Tyrell and loses puck.
13:40 of 3rd period - Ryan Hegarty is hit by Brian Flynn and loses puck.
13:53 of 3rd period - Sergei Kostitsyn is hit by Tom Kuhnhackl and loses puck.
14:19 of 3rd period - Snap shot by Jesse Joensuu.
14:19 of 3rd period - Stopped by Marc Denis with a rebound.
14:21 of 3rd period - Slapshot by Petter Granberg.
14:21 of 3rd period - Deflect By Jesse Joensuu.
14:21 of 3rd period - Shot Misses the Net.
14:21 of 3rd period - Puck is out of play.
14:22 of 3rd period - Cody Hodgson wins face-off versus Dana Tyrell in Senators zone.
14:36 of 3rd period - Snap shot by Dana Tyrell.
14:36 of 3rd period - Shot Hit the Post.
14:38 of 3rd period - Slapshot by Hugh Jessiman.
14:38 of 3rd period - Stopped by Marc Denis with a rebound.
14:55 of 3rd period - Snap shot by Jaden Schwartz.
14:55 of 3rd period - Shot Misses the Net.
14:57 of 3rd period - Snap shot by Mark Olver.
14:57 of 3rd period - Stopped by Laurent Brossoit with a rebound.
15:09 of 3rd period - Shane Sims is hit by Petter Granberg and loses puck.
15:27 of 3rd period - Off-side.
15:28 of 3rd period - Jack Skille wins face-off versus Dana Tyrell in neutral zone.
15:35 of 3rd period - Snap shot by Jaden Schwartz.
15:35 of 3rd period - Shot Misses the Net.
15:37 of 3rd period - Snap shot by Jaden Schwartz.
15:37 of 3rd period - Shot Misses the Net.
15:39 of 3rd period - Slapshot by Milan Jurcina.
15:39 of 3rd period - Stopped by Laurent Brossoit with a rebound.
16:34 of 3rd period - Snap shot by Tom Kuhnhackl.
16:34 of 3rd period - Stopped by Marc Denis without a rebound.
16:35 of 3rd period - Cody Hodgson wins face-off versus T.J. Tynan in Senators zone.
16:35 of 3rd period - Cody Hodgson is hit by Mathieu Roy.
17:01 of 3rd period - Mark Olver is hit by Hugh Jessiman.
17:27 of 3rd period - Snap shot by Gabriel Bourque.
17:27 of 3rd period - Shot Misses the Net.
17:29 of 3rd period - Wrist shot by Tommy Wingels.
17:29 of 3rd period - Stopped by Laurent Brossoit with a rebound.
17:31 of 3rd period - Snap shot by Nick Bjugstad.
17:31 of 3rd period - Senators goal is going for a video replay.
17:31 of 3rd period - The goal is refused. The referee deems the play has been stopped, even if he had not physically had the opportunity to stop play by blowing his whistle..
17:32 of 3rd period - Andrej Nestrasil wins face-off versus Sergei Kostitsyn in Little Stars zone.
17:32 of 3rd period - Andrej Nestrasil is hit by Cody Hodgson.
18:06 of 3rd period - Snap shot by Sean Avery.
18:06 of 3rd period - Stopped by Marc Denis without a rebound.
18:07 of 3rd period - Mark Olver wins face-off versus Dana Tyrell in Senators zone.
19:02 of 3rd period - Senators, Marc Denis is pulled from the net.
19:08 of 3rd period - Ryan Hegarty is hit by Hugh Jessiman.
19:22 of 3rd period - Wrist shot by Sean Avery.
19:22 of 3rd period - Shot Misses the Net.
19:24 of 3rd period - Wrist shot by Dana Tyrell.
19:24 of 3rd period - Goal by Dana Tyrell - Senators : 6 - Little Stars : 8.
19:24 of 3rd period - Marc Denis from Senators was sent back in the game.
19:25 of 3rd period - Oscar Lindberg wins face-off versus Gabriel Bourque in neutral zone.
19:27 of 3rd period - Niklas Hjalmarsson is hit by Milan Jurcina and loses puck.
19:41 of 3rd period - Jesse Joensuu is hit by Tommy Wingels and loses puck.
Goals for this period are 1 for Senators vs 2 for Little Stars.
Shots for this period are 10 for Senators vs 13 for Little Stars.
Back to the Top